AoeStats
← GonzArg

Arabia

504599447Analyzed
1v1 RM · 25d ago on Sep 5, 2026· 30m 7s· 2 players
Game mode
Random Map
Map size
Tiny (2 player)
Population
200
Speed
Normal
Resources
Standard
Victory
Conquest
Starting age
Dark Age
Ending age
Imperial Age
RankedLock teamsTeams togetherTeam positionsShared explorationLock speedFull tech treeHidden civsTurbo modeCheats
Victory
Defeat
🇦🇷 Franks · Argentina
798
+14
🇹🇷 Turks · Türkiye
765
-35
-DH-
11:11 Feudal Age
16:19 Double-Bit Axe
16:21 Horse Collar
19:53 Man-at-Arms
GonzArg
10:11 Feudal Age
8:26 Loom
10:56 Double-Bit Axe
11:57 Wheelbarrow
18:12 Castle Age
16:26 Fletching
18:54 Forging
19:07 Town Watch
20:54 Scale Barding Armor
21:07 Husbandry
29:58 Imperial Age
27:37 Gold Mining
30:40 Town Patrol
Connection lost

Rejoining the realm…

Still unreachable

The connection could not be restored.

Session expired

The server has moved on; the page needs a fresh start.